 Dungeon Crawl Stone Soup version 0.31-a0-188-g5e087ee2ca (webtiles) character file.

Game seed: 4444844088751745316

58 qw the Shooter (level 3, 0/20 HPs)
             Began as a Deep Elf Hunter on June 23, 2023.
             Slain by an adder (1 damage)
             ... on level 2 of the Dungeon.
             The game lasted 00:00:25 (947 turns).

qw the Shooter (Deep Elf Hunter)                     Turns: 947, Time: 00:00:26

Health: 0/20       AC:  3    Str: 10    XL:     3   Next: 75%
Magic:  5/5        EV: 12    Int: 13    God:
Gold:   96         SH:  0    Dex: 18    Spells: 2/2 levels left

rFire   . . .        Y - +0 shortbow
rCold   . . .        (shield currently unavailable)
rNeg    . . .        c - +0 leather armour
rPois   .            (no helmet)
rElec   .            (no cloak)
rCorr   .            (no gloves)
SInv    .            (no boots)
Will    .....        (no amulet)
Stlth   ++           (no ring)
HPRegen 0.23/turn    (no ring)
MPRegen 0.09/turn

%: no passive effects
@: lethally poisoned (0 -> -3)
A: no striking features
a: no special abilities


You were on level 2 of the Dungeon.
You visited 1 branch of the dungeon, and saw 2 of its levels.

You collected 96 gold pieces.


   Skills:
 - Level 1.5 Fighting
 + Level 7.2 Ranged Weapons
 - Level 2.4 Dodging
 - Level 1.2 Stealth


You had 2 spell levels left.
You didn't know any spells.
Your spell library was empty.

Inventory:

Hand Weapons
 Y - a +0 shortbow (weapon)
Armour
 c - a +0 leather armour (worn)
Scrolls
 e - a scroll of identify {unknown}
 g - a scroll of teleportation {unknown}
Potions
 a - 2 potions of haste {unknown}
 b - a potion of attraction {unknown}
 d - a potion of brilliance {unknown}
 f - a potion of mutation {unknown}

Dungeon Overview and Level Annotations

Branches:
Dungeon (2/15)

Altars:


Message History

You shoot an arrow. The arrow hits the goblin!
You kill the goblin!
The adder barely misses you.
You shoot an arrow. The arrow closely misses the adder.
The adder closely misses you.
You shoot an arrow. The arrow hits the adder.
The adder is heavily wounded.
The adder bites you. x2
You shoot an arrow. The arrow barely misses the adder.
The adder closely misses you.
You shoot an arrow. The arrow barely misses the adder.
The adder barely misses you. The adder completely misses you.
You shoot an arrow. The arrow barely misses the adder.
The adder bites you.
You shoot an arrow. The arrow closely misses the adder.
The adder bites you. x2
You are poisoned.
The adder poisons you!
You shoot an arrow. The arrow closely misses the adder.
You feel sick. The adder barely misses you.
You shoot an arrow. The arrow barely misses the adder.
You feel sick. The adder misses you. The adder barely misses you.
You shoot an arrow. The arrow closely misses the adder.
You feel sick. The adder closely misses you.
You shoot an arrow. The arrow closely misses the adder.
You feel sick.
You are no longer poisoned.
The adder closely misses you. The adder bites you.
You shoot an arrow. The arrow hits the adder.
The adder is heavily wounded.
The adder bites you.
You are lethally poisoned!
The adder poisons you!
You shoot an arrow. The arrow completely misses the adder.
You feel sick. The adder completely misses you.
You shoot an arrow.
The arrow hits the adder but does no damage.
The adder is heavily wounded.
You feel sick. The adder bites you.
You die...

### ##### ####%#
#@S.# ##.....
#.#.....####.%..#%
#.###..##....#####
#..# .$#.#.##.###
#.#### #.#%#%...#
#..#.####.###..%.#
#.........)##...[.
###########.###%.#
#.######


You could see an adder.

Vanquished Creatures
  2 adders (D:2)
  3 endoplasms
  4 goblins
  7 hobgoblins
  4 kobolds
  2 quokkas
  3 ball pythons
  4 bats
  8 frilled lizards
  A rat (D:2)
38 creatures vanquished.

Notes
Turn   | Place    | Note
-------+----------+-------------------------------------------
     0 | D:1      | qw the Deep Elf Hunter began the quest for the Orb.
     0 | D:1      | Reached XP level 1. HP: 12/12 MP: 3/3
     0 | D:1      | 0 ||| qw: Version: 0.3-a-9-g12657ce
     0 | D:1      | 0 ||| qw: Game counter: 3527
     0 | D:1      | 0 ||| qw: Always use a shield: true
     0 | D:1      | 0 ||| qw: God list: Okawaru
     0 | D:1      | 0 ||| qw: Allow faded altars: false
     0 | D:1      | 0 ||| qw: Do Orc after D:15 true
     0 | D:1      | 0 ||| qw: Do second Lair branch before Depths: true
     0 | D:1      | 0 ||| qw: Lair rune preference: random
     0 | D:1      | 0 ||| qw: Plans: Normal
     0 | D:1      | 0 ||| PLANNING D:1-11
   115 | D:1      | Reached XP level 2. HP: 16/16 MP: 4/4
   121 | D:1      | Reached skill level 6 in Ranged Weapons
   144 | D:1      | Found a faded altar of an unknown god.
   599 | D:1      | 599 ||| READING scroll labelled YTEEKE VASTRA.
   600 | D:1      | 600 ||| DROPPING scroll of butterflies.
   685 | D:2      | Reached XP level 3. HP: 20/20 MP: 5/5
   754 | D:2      | Reached skill level 7 in Ranged Weapons
   945 | D:2      | HP: 4/20 [adder (3)]
   947 | D:2      | HP: 1/20 [poisoned by an adder]
   947 | D:2      | Slain by an adder

Levels and vault maps discovered:
D:1:      psy_arrival_heroes, layout_basic, chequers_ecumenical_altar_simple
D:2:      minmay_wonky_spiral, layout_basic,
          wander_ebering_terrifying_dragon_lair

Skill      XL: |  1  2  3 |
---------------+----------+-----
Ranged Weapons | 6 7 |  7.2
Fighting       | |  1.5
Dodging        | |  2.4
Stealth        | |  1.2

Action                     || total
---------------------------++-------
   Fire: Shortbow          ||   110
    Use: Scroll            ||     1
 Armour: Leather armour    ||     8
  Dodge: Dodged            ||    32

Table legend:
 A = Non-vault XP
 B = Vault XP
 C = Vault XP percentage of total XP
 D = Non-vault monster count
 E = Vault monster count
 F = Vault count percentage of total count
                 A         B        C        D         E       F
            +---------+---------+-------+---------+---------+-------
      Total |      82 |       1 |   1.2 |      37 |       1 |   2.6
            +---------+---------+-------+---------+---------+-------
        D:1 |      24 |       0 |   0.0 |      16 |       0 |   0.0
        D:2 |      58 |       1 |   1.7 |      21 |       1 |   4.5
            +---------+---------+-------+---------+---------+-------
